 Dungeon Crawl Stone Soup version 0.30-a0-748-ge6a52f7cba (webtiles) character file.

Game seed: 13057633612381723796

123 Dittersdorf the Covered (level 5, -6/33 HPs)
             Began as a Gargoyle Fighter on Feb 8, 2023.
             Killed from afar by Natasha (7 damage)
             ... with a magic dart
             ... on level 3 of the Dungeon.
             The game lasted 00:02:00 (1759 turns).

Dittersdorf the Covered (Gargoyle Fighter)          Turns: 1759, Time: 00:02:01

Health: -6/33      AC: 13    Str: 21    XL:     5   Next: 7%
Magic:  0/5        EV:  9    Int:  9    God:
Gold:   99         SH:  4    Dex:  9    Spells: 4/4 levels left

rFire   . . .      SeeInvis .    a - +0 flail
rCold   . . .      Faith    .    c - +0 buckler
rNeg    + . .      Spirit   +    b - +0 scale mail
rPois   ∞          Reflect  .    p - +0 helmet
rElec   +          Harm     .    n - +0 cloak
rCorr   .          Rampage  .    (no gloves)
Will    .....                    (no boots) Stlth
                                 l - amulet of guardian spirit
HPRegen 0.25/turn                (no ring)
MPRegen 0.09/turn                (no ring)

@: no status effects
A: sickness immunity, AC +4, negative energy resistance 1, electricity
resistance, torment resistance 1, petrification resistance
a: no special abilities


You were on level 3 of the Dungeon.
You visited 1 branch of the dungeon, and saw 3 of its levels.

You collected 99 gold pieces.

Inventory:

Hand Weapons
 a - a +0 flail (weapon)
Armour
 b - a +0 scale mail (worn)
 c - a +0 buckler (worn)
 n - a +0 cloak (worn)
 p - a +0 helmet (worn)
Jewellery
 l - an amulet of guardian spirit (around neck)
 t - a ring of see invisible
Scrolls
 e - 4 scrolls of poison {unknown}
 f - a scroll of fear {unknown}
 g - 2 scrolls of immolation {unknown}
 i - 4 scrolls of identify {unknown}
 k - a scroll of enchant armour {unknown}
 m - a scroll of teleportation {unknown}
 r - a scroll of brand weapon {unknown}
 u - a scroll of torment {unknown}
Potions
 d - 2 potions of might
 h - 2 potions of heal wounds {unknown}
 j - a potion of brilliance {unknown}
 o - a potion of lignification {unknown}
 q - a potion of mutation {unknown}
 s - a potion of magic {unknown}


   Skills:
 + Level 4.2 Fighting
 + Level 3.0 Maces & Flails
 + Level 4.2 Armour
 + Level 4.1 Shields


You had 4 spell levels left.
You didn't know any spells.
Your spell library was empty.

Dungeon Overview and Level Annotations

Branches:
Dungeon (3/15)

Altars:
Sif Muna

Annotations:
D:3 Natasha


Innate Abilities, Weirdness & Mutations

You are immune to sickness and miasma.
Your stone body is resilient. (AC +4)
You are immune to poison.
You resist negative energy. (rN+)
You are resistant to electric shocks. (rElec)
You are resistant to unholy torment.
You are immune to petrification.


Message History

The puff of frost hits you.
You hit the shadow imp but do no damage.
The shadow imp is heavily wounded.
The shadow imp hits you. Natasha closely misses you.
The white imp gestures at you. The puff of frost misses you.
The shadow imp hits you.
You are too injured to fight recklessly!
You are too injured to fight recklessly!
You are too injured to fight recklessly!
You are too injured to fight recklessly!
You are too injured to fight recklessly!
You are too injured to fight recklessly!
You are too injured to fight recklessly!
You are too injured to fight recklessly!
You are too injured to fight recklessly!
You are too injured to fight recklessly!
You are too injured to fight recklessly!
You are too injured to fight recklessly!
You are too injured to fight recklessly!
You are too injured to fight recklessly!
You are too injured to fight recklessly!
You are too injured to fight recklessly!
You hit Natasha.
Natasha is lightly wounded.
Natasha barely misses you.
The white imp shouts, "Leave, thou vain motley-minded socdollager!"
The white imp barely misses you. The white imp gestures at you.
The puff of frost hits you!
* * * LOW HITPOINT WARNING * * *
The shadow imp hits you but does no damage.
Natasha claws you.
* * * LOW HITPOINT WARNING * * *
The white imp hits you but does no damage.
You closely miss Natasha.
Natasha is lightly wounded.
The white imp barely misses you. The shadow imp barely misses you.
Natasha stares at you and mumbles some strange words.
The magic dart hits you!
You die...

#.#.##.##
#.###..##.########
#......###.##....#.#
##.#.#.............#
###[#.#####.##....###
.......####.####.##
.##.#.......# #.#
.#...#.###### #.#
.#...#.# ##'## .#...#.#
#5@.# .##.##.# #.h55.#
.##.##.## #.......#
........# #.........#
...........'.........'.
........####.........###
###.##..# ##.......## #
#.# #.# ##.....## # #.#
.#


You could see Natasha, 2 white imps and a shadow imp (summoned).

Vanquished Creatures
  Natasha (D:3)
  A gnoll (D:1)
  3 adders (D:2)
  A worm (D:3)
  4 ball pythons (D:1)
  4 bats (D:1)
  3 endoplasms
  4 giant cockroaches
  3 goblins (D:1)
  8 hobgoblins
  4 jackals (D:1)
  3 quokkas
  A frilled lizard (D:1)
  8 kobolds
  7 rats
55 creatures vanquished.

Notes
Turn   | Place    | Note
-------+----------+-------------------------------------------
     0 | D:1      | Dittersdorf the Gargoyle Fighter began the quest for the
                  | Orb.
     0 | D:1      | Reached XP level 1. HP: 14/14 MP: 1/1
   134 | D:1      | Reached XP level 2. HP: 13/19 MP: 2/2
   240 | D:1      | Reached XP level 3. HP: 23/23 MP: 3/3
   942 | D:2      | Reached XP level 4. HP: 27/29 MP: 4/4
   998 | D:2      | Found a shimmering blue altar of Sif Muna.
  1595 | D:3      | Noticed Natasha
  1607 | D:3      | Killed Natasha
  1608 | D:3      | Reached XP level 5. HP: 28/33 MP: 3/5
  1749 | D:3      | Noticed Natasha
  1758 | D:3      | HP: 1/33 [Natasha (4)]
  1759 | D:3      | Killed from afar by Natasha

Illustrated notes

Levels and vault maps discovered:
D:1:      eino_arrival_cavern_b, layout_loops_ring, minmay_indecisive_spiral
D:2:      layout_basic, basic_altar, minmay_tripent
D:3:      layout_loops_corners, dreamdust_princess_corridor, uniq_natasha

Skill      XL: |  1  2  3  4 |
---------------+-------------+-----
Fighting       | 4 |  4.2
Armour         | 4 |  4.2
Shields        | 4 |  4.1
Maces & Flails | 3 |  3.0

Action                     |  1- 3 |  4- 6 || total
---------------------------+-------+-------++-------
  Melee: Flail             |   145 |    69 ||   214
 Armour: Scale mail        |   102 |    31 ||   133
  Dodge: Dodged            |   102 |    29 ||   131
  Block: Buckler           |    44 |    18 ||    62

Table legend: (Time is in decaauts)
 A = Elapsed time spent in this place.
 B = Non-inter-level travel time spent in this place.
 C = Inter-level travel time spent in this place.
 D = Time resting spent in this place.
 E = Time spent auto-exploring this place.
 F = Levels seen in this place.
 G = Mean time per level.
                   A        B        C        D        E       F      G
               +--------+--------+--------+--------+--------+-----+--------+
         Total |   1827 |   1758 |     69 |     45 |   1246 |   3 |  609.0 |
       Dungeon |   1827 |   1758 |     69 |     45 |   1246 |   3 |  609.0 |
               +--------+--------+--------+--------+--------+-----+--------+

Top non-repeatable levels by time:
     D:1: 975 daAuts
     D:2: 517 daAuts
     D:3: 334 daAuts
